 Dungeon Crawl Stone Soup version 0.26.1-11-gd32895ea62 (webtiles) character file.

Game seed: 10612462636115918899

845 snafub the Chopper (level 7, -6/60 HPs)
             Began as a Minotaur Fighter on July 21, 2021.
             Killed by divine providence
             ... invoked by an orc priest
              (12 damage)
             ... on level 7 of the Dungeon.
             The game lasted 00:22:42 (4937 turns).

snafub the Chopper (Minotaur Fighter)               Turns: 4937, Time: 00:22:43

Health: -6/60      AC: 10    Str: 23    XL:     7   Next: 68%
Magic:  6/6        EV:  6    Int:  5    God:
Gold:   169        SH: 15    Dex:  9    Spells: 6/6 levels left

rFire    . . .     SeeInvis .   a - +0 war axe
rCold    . . .     Faith    .   c - +0 kite shield
rNeg     . . .     Spirit   .   f - +0 chain mail
rPois    .         Reflect  +   (helmet restricted)
rElec    .         Harm     .   (no cloak)
rCorr    .         Rampage  .   (no gloves)
Will     .....                  (no boots)
Stlth    ..........             i - amulet of reflection
HPRegen  0.20/turn              (no ring)
MPRegen  0.10/turn              (no ring)

@: no status effects
A: retaliatory headbutt, horns 2
a: no special abilities


You were on level 7 of the Dungeon.
You visited 1 branch of the dungeon, and saw 7 of its levels.

You collected 169 gold pieces.

Inventory:

Hand Weapons
 a - a +0 war axe (weapon)
 p - a +0 falchion
Missiles
 e - 27 poisoned darts (quivered)
Armour
 b - a +0 scale mail
 c - a +0 kite shield (worn)
 f - a +0 chain mail (worn)
 n - a cursed +0 leather armour
Jewellery
 i - an amulet of reflection (around neck)
 j - a cursed ring of protection from cold {unknown}
 l - an uncursed ring of poison resistance {unknown}
 r - a cursed -4 ring of strength {unknown}
Scrolls
 g - a scroll of remove curse
 q - 2 scrolls of identify
Potions
 d - 2 potions of might
 h - 2 potions of lignification
 k - a potion of degeneration {unknown}


   Skills:
 + Level 4.6 Fighting
 + Level 6.8 Axes
 + Level 2.9 Throwing
 + Level 6.2 Armour
 + Level 0.6 Dodging
 + Level 0.2 Stealth
 + Level 5.4 Shields


You had 6 spell levels left.
You didn't know any spells.
Your spell library was empty.

Dungeon Overview and Level Annotations

Branches:
Dungeon (7/15)             Temple (0/1) D:4

Altars:
Ashenzari
Ru
Trog
Xom
Beogh

Shops:
D:4 (


Innate Abilities, Weirdness & Mutations

You reflexively headbutt those who attack you in melee.
You have a pair of horns on your head.


Message History

The orc priest calls down the wrath of Beogh upon you.
Beogh smites you!
* * * LOW HITPOINT WARNING * * *
As you read the scroll labelled APROLO FUSEMA, it crumbles to dust.
You assume a fearsome visage.
The orc priest looks frightened! x2
It was a scroll of fear.
You are too injured to fight recklessly!
Things that are here:
a +0 short sword; a +0 leather armour
e - 27 poisoned darts (gained 3)
You are too injured to fight recklessly!
You see here an arrow.
The orc priest mumbles some strange prayers to Beogh against you.
Beogh smites you!
* * * LOW HITPOINT WARNING * * *
Unknown command.
There is a stone staircase leading up here.
The orc priest calls down the wrath of Beogh upon you.
Beogh smites you!
You die...

#.......# ##...##...##
#.......# ##..........##
#.....o.# #............#
####.......###............#
..........................#
.###.....................##
####....................##
.....######..........####
.#########...###@.####
#....#####..####
#.##.###.......##
####....#.....###..# #
####.....###.##.##
##.###..# ........####.##.#
#......# ........##......#
#.###.## ........#....####
##.# ..# ##......#...##
#..##.#


You could see an orc priest.

Vanquished Creatures
  Sigmund (D:3)
  An ice beast (D:6)
  A centaur (D:7)
  2 scorpions
  A bullfrog zombie (D:6)
  An orc priest (D:7)
  A bullfrog skeleton (D:7)
  An iguana (D:7)
  5 worker ants
  A hound skeleton (D:4)
  7 adders
  A shadow imp (D:7)
  A white imp (D:7)
  An ooze (D:1)
  4 worms
  2 dart slugs (D:2)
  5 leopard geckos
  2 orcs (D:4)
  3 giant cockroaches
  6 goblins
  7 hobgoblins
  8 jackals
  10 kobolds
  8 bats
  5 frilled lizards
  7 rats
92 creatures vanquished.

Notes
Turn   | Place    | Note
-------+----------+-------------------------------------------
     0 | D:1      | snafub the Minotaur Fighter began the quest for the Orb.
     0 | D:1      | Reached XP level 1. HP: 19/19 MP: 0/0
   314 | D:1      | Reached XP level 2. HP: 27/27 MP: 1/1
  1398 | D:2      | Reached skill level 1 in Throwing
  1398 | D:2      | Reached XP level 3. HP: 31/33 MP: 2/2
  1764 | D:2      | Found a bloodstained altar of Trog.
  1954 | D:2      | Found a sacrificial altar of Ru.
  1954 | D:2      | Found a shimmering altar of Xom.
  2094 | D:2      | Reached XP level 4. HP: 34/40 MP: 3/3
  2434 | D:3      | Noticed Sigmund
  2445 | D:3      | Killed Sigmund
  2446 | D:3      | Reached skill level 5 in Armour
  2446 | D:3      | Reached XP level 5. HP: 40/46 MP: 4/4
  3009 | D:3      | Reached XP level 6. HP: 52/52 MP: 5/5
  3242 | D:4      | Found Suuseg's Antique Weapon Boutique.
  3306 | D:4      | Found a broken altar of Ashenzari.
  3318 | D:4      | Found a staircase to the Ecumenical Temple.
  3521 | D:4      | Found a glowing drain.
  3538 | D:4      | Reached skill level 5 in Axes
  4193 | D:5      | Entered Level 5 of the Dungeon
  4244 | D:6      | Noticed an ice beast
  4255 | D:6      | Killed an ice beast
  4256 | D:6      | Reached skill level 5 in Shields
  4256 | D:6      | Reached XP level 7. HP: 41/60 MP: 6/6
  4866 | D:7      | Found a roughly hewn altar of Beogh.
  4937 | D:7      | Killed from afar by an orc priest

Illustrated notes

Levels and vault maps discovered:
D:1:      lightli_arrival_noodles, layout_loops_corners
D:2:      layout_basic, gammafunk_temple_overflow_statue, lemuel_round_altar,
          minmay_tetromino_s4
D:3:      layout_loops_corners, makhleb_blood_cavern_becter, uniq_sigmund
D:4:      layout_basic, minmay_temple_entry_metal_lava, gup_sewer_entry_glass,
          serial_shops, shop, nicolae_ashenzari_panopticon
D:5:      minmay_diamond_boxcup, layout_basic, kennysheep_flooded_box
D:6:      layout_basic, minivault_19, elyvilon_altar_1, uniq_grinder
D:7:      layout_rooms, david_defended_altar_orc

Skill      XL: |  1  2  3  4  5  6  7 |
---------------+----------------------+-----
Armour         | 4 5 6 |  6.2
Axes           | 3 4 5 6 |  6.8
Throwing       | 1 2 |  2.9
Fighting       | 4 |  4.6
Shields        | 4 5 |  5.4
Dodging        | |  0.6
Stealth        | |  0.2

Action                   |  1- 3 |  4- 6 |  7- 9 || total
-------------------------+-------+-------+-------++-------
Melee: War axe           |    93 |    80 |    48 ||   221
       Headbutt          |    14 |    14 |    10 ||    38
Throw: Dart              |    47 |    12 |    18 ||    77
  Use: Scroll            |     2 |     4 |     2 ||     8
       Potion            |     1 |       |     2 ||     3
Armor: Scale mail        |    19 |       |       ||    19
       Chain mail        |    39 |    22 |    14 ||    75
Dodge: Dodged            |    32 |    22 |    12 ||    66
Block: Kite shield       |    52 |    63 |    47 ||   162
       Reflection        |       |       |     3 ||     3
